 Dungeon Crawl Stone Soup version 0.18-b1-10-g3f7de93 (webtiles) character file.

200 dobroeutro the Cudgeler (level 5, -2/32 HPs)
             Began as a Gargoyle Fighter on Apr 29, 2016.
             Slain by Menkaure (10 damage)
             ... in an ossuary.
             The game lasted 00:05:59 (3113 turns).

dobroeutro the Cudgeler (Gargoyle Fighter)          Turns: 3113, Time: 00:05:59

Health: -2/32      AC: 14    Str: 21    XL:     5   Next: 78%
Magic:  5/5        EV:  7    Int:  8    God:
Gold:   250        SH:  9    Dex:  9    Spells: 0 memorised, 4 levels left

rFire  . . .     SeeInvis .     a - +1 flail
rCold  . . .     Gourm    .     b - +0 scale mail
rNeg   + . .     Faith    .     c - +0 shield
rPois  ∞         Spirit   .     l - +0 helmet
rElec  +         Dismiss  .     n - +0 cloak
rCorr  .         Reflect  .     (no gloves)
SustAt .         Harm     .     s - +0 pair of boots
MR     .....                    (no amulet)
Stlth  ..........               (no ring)
                                (no ring)

@: not resistant to hostile enchantments, extremely unstealthy
A: negative energy resistance 1, electricity resistance, unbreathing,
petrification resistance, rot immunity, AC +4
a: no special abilities


You were in an ossuary.
You were not hungry.

You visited 1 branch of the dungeon, and saw 4 of its levels.
You also visited: Ossuary.

You collected 250 gold pieces.

Inventory:

Hand Weapons
 a - a +1 flail (weapon)
Armour
 b - a +0 scale mail (worn)
 c - a +0 shield (worn)
 l - a +0 helmet (worn)
 n - a +0 cloak (worn)
 s - a +0 pair of boots (worn)
Scrolls
 i - 3 scrolls of immolation
 o - a scroll of fog {unknown}
 q - a scroll of fear {unknown}
 r - 3 scrolls of identify {unknown}
 t - a scroll of amnesia {unknown}
 u - a scroll of teleportation {unknown}
Potions
 d - 2 potions of might
 e - 2 potions of lignification {unknown}
 j - a potion of berserk rage {unknown}
 m - 3 potions of heal wounds {unknown}
 p - a potion of cancellation {unknown}
 x - a potion of haste {unknown}
Books
 w - a book of the Sky

   Spells                             Type                      Level
   a - Summon Lightning Spire         Summoning/Air                4
   b - Airstrike                      Air                          4
   c - Silence                        Hexes/Air                    5
   d - Deflect Missiles               Charms/Air                   6
   e - Conjure Ball Lightning         Conjuration/Air              6
   f - Tornado                        Air                          9
Comestibles
 f - 4 bread rations
 g - 4 fruits
 k - a slice of pizza
 v - a meat ration


   Skills:
 - Level 3.2 Fighting
 + Level 5.8 Maces & Flails
 - Level 3.2 Armour
 - Level 3.2 Shields


You had 4 spell levels left.
You didn't know any spells.

Dungeon Overview and Level Annotations

Branches:
Dungeon (4/15)             Temple (0/1) D:4

Altars:
Gozag
Nemelex Xobeh

Annotations:
Ossuary Menkaure


Innate Abilities, Weirdness & Mutations

You are resistant to torment.
Your stone body is resilient (AC +4).
You are immune to poison.
You resist negative energy.
You are resistant to electric shocks.
You can survive without breathing.
You are immune to petrification.
You are immune to rotting.


Message History

Menkaure barely misses you.
You hit Menkaure.
Menkaure is almost destroyed.
Menkaure hits you!
* * * LOW HITPOINT WARNING * * *
You block Menkaure's attack.
You are too injured to fight recklessly!
You are too injured to fight recklessly!
You are too injured to fight recklessly!
You are too injured to fight recklessly!
You barely miss Menkaure.
Menkaure is almost destroyed.
You block Menkaure's attack.
You barely miss Menkaure.
Menkaure is almost destroyed.
You block Menkaure's attack.
You hit Menkaure but do no damage.
Menkaure is almost destroyed.
Menkaure hits you!
You die...

..##..##..####..##..##..##
.##..##..##?M##..##..##.^##
##..##..##?.!.##..##^.##^.##
#..##..## .!?.?##..##..##..##
..##..## .∩M!..##..##..##..##
^##..## .??....##..##..##^.##
##..## ..?.....##..##..##.^##
#..##############''##..##^.##..##
................@M..##..##..##..#
#######################..##..##.^
........^.................##^.##.
#############################..##
................................#
#################################


You could see Menkaure.

Vanquished Creatures
  A mummy (Ossuary)
  Robin (D:1)
  8 adders
  An ooze (D:2)
  A worm (D:2)
  3 dart slugs
  2 giant geckos (D:2)
  6 orcs
  A giant cockroach (D:1)
  2 gnoll zombies (Ossuary)
  15 goblins
  6 hobgoblins
  3 jackals (D:1)
  11 kobolds
  A quokka (D:3)
  8 bats
  5 giant newts
  3 gnoll skeletons (Ossuary)
  3 goblin skeletons (Ossuary)
  A goblin zombie (D:4)
  2 hobgoblin skeletons (Ossuary)
  3 kobold skeletons (Ossuary)
  2 kobold zombies (Ossuary)
  3 orc skeletons (Ossuary)
  2 orc zombies (Ossuary)
  A quokka zombie (D:4)
  7 rats
  A rat skeleton (Ossuary)
  A rat zombie (Ossuary)
104 creatures vanquished.

Vanquished Creatures (others)
  2 mummies (Ossuary)
  2 gnoll zombies (Ossuary)
  A goblin skeleton (Ossuary)
  2 goblin zombies (Ossuary)
  A hobgoblin skeleton (Ossuary)
  A hobgoblin zombie (Ossuary)
  2 kobold skeletons (Ossuary)
  7 kobold zombies (Ossuary)
  3 orc skeletons (Ossuary)
  2 orc zombies (Ossuary)
  3 rat skeletons (Ossuary)
  4 rat zombies (Ossuary)
30 creatures vanquished.

Grand Total: 134 creatures vanquished

Notes
Turn   | Place    | Note
--------------------------------------------------------------
     0 | D:1      | dobroeutro the Gargoyle Fighter began the quest for the Orb.
     0 | D:1      | Reached XP level 1. HP: 14/14 MP: 1/1
   141 | D:1      | Reached XP level 2. HP: 17/19 MP: 2/2
   205 | D:1      | Reached skill level 3 in Maces & Flails
   699 | D:1      | Reached XP level 3. HP: 23/23 MP: 3/3
  1029 | D:2      | Noticed Robin
  1163 | D:1      | Killed Robin
  1163 | D:1      | Reached skill level 4 in Maces & Flails
  1163 | D:1      | Reached XP level 4. HP: 6/28 MP: 4/4
  1653 | D:2      | Found a sparkling altar of Nemelex Xobeh.
  1798 | D:2      | Reached skill level 5 in Maces & Flails
  1798 | D:2      | Reached XP level 5. HP: 27/32 MP: 5/5
  2448 | D:3      | Found an opulent altar of Gozag.
  2811 | D:4      | Found a sand-covered staircase.
  2826 | Ossuary  | Entered an ossuary
  3094 | Ossuary  | Noticed Menkaure
  3113 | Ossuary  | Slain by Menkaure

Skill      XL: |  1  2  3  4 |
---------------+-------------+-----
Maces & Flails | 3 4 5 |  5.8
Fighting       | |  3.2
Armour         | |  3.2
Shields        | |  3.2

Action                   |  1- 3 |  4- 6 || total
-------------------------+-------+-------++-------
Melee: Flail             |   139 |   228 ||   367
  Use: Scroll            |       |     5 ||     5
  Eat: Chunk             |       |     5 ||     5
       Bread ration      |       |     1 ||     1
Armor: Scale mail        |    77 |   106 ||   183
Dodge: Dodged            |    63 |    50 ||   113
Block: Shield            |   100 |   125 ||   225
